 Dungeon Crawl Stone Soup version 0.28.0-62-gf88900778d (webtiles) character file.

Game seed: 7354764476538282622

662 cbfl8 the Spear-Bearer (level 7, -2/55 HPs)
             Began as a Merfolk Berserker on June 29, 2023.
             Was a Priest of Trog.
             Slain by a gnoll shaman
             ... wielding a +0 whip
              (11 damage)
             ... on level 5 of the Dungeon.
             The game lasted 00:03:28 (4411 turns).

cbfl8 the Spear-Bearer (Merfolk Berserker)          Turns: 4411, Time: 00:03:29

Health: -2/55      AC: 10    Str: 19    XL:     7   Next: 56%
Magic:  7/7        EV:  8    Int:  7    God:    Trog [***...]
Gold:   40         SH:  0    Dex: 13    Spells: 6/6 levels left

rFire   x . .      SeeInvis .   a - +0 spear
rCold   + . .      Faith    .   (no shield)
rNeg    . . .      Spirit   .   o - +0 chain mail
rPois   .          Reflect  .   (no helmet)
rElec   .          Harm     .   (no cloak)
rCorr   .          Rampage  .   m - +0 pair of gloves
Will    .....                   (no boots)
Stlth   ..........              p - amulet of regeneration
HPRegen 0.98/turn               h - ring of ice
MPRegen 0.10/turn               (no ring)

@: lit by a corona, on berserk cooldown, slowed, glowing, very slow
A: (nimble swimmer 2), mertail
a: Renounce Religion, Berserk, Trog's Hand


You were on level 5 of the Dungeon.
You worshipped Trog.
Trog was most pleased with you.
You visited 1 branch of the dungeon, and saw 5 of its levels.

You collected 64 gold pieces.
You spent 24 gold pieces at shops.

Inventory:

Hand Weapons
 a - a +0 spear (weapon)
Armour
 m - a +0 pair of gloves (worn)
 o - a +0 chain mail (worn)
Jewellery
 h - a ring of ice (left hand)
 p - an amulet of regeneration (around neck)
Wands
 d - a wand of acid (11)
Scrolls
 b - a scroll of teleportation {unknown}
 g - 2 scrolls of holy word {unknown}
 k - a scroll of brand weapon
 l - a scroll of magic mapping {unknown}
Potions
 c - a potion of invisibility {unknown}
 e - 4 potions of curing {unknown}
 f - a potion of mutation {unknown}
 j - 2 potions of might {unknown}
 n - a potion of degeneration {unknown}
 q - a potion of berserk rage {unknown}
 r - a potion of heal wounds {unknown}


   Skills:
 + Level 4.5 Fighting
 + Level 8.1 Polearms
 + Level 2.9 Armour
 + Level 4.1 Dodging
 + Level 0.3 Stealth
 * Level 3.4 Evocations


You had 6 spell levels left.
You didn't know any spells.
Your spell library was empty.

Dungeon Overview and Level Annotations

Branches:
Dungeon (5/15)
 Temple: D:4-7

Altars:
Elyvilon
Sif Muna

Shops:
D:5 *


Innate Abilities, Weirdness & Mutations

((You are very nimble when in or above water. (Stealth+, EV+, Speed+++)))
Your lower body shifts to a powerful aquatic tail in water.


Message History

The adder is heavily wounded.
The gnoll barely misses you.
The gnoll hits you from afar with a +0 halberd.
Unknown command.
Unknown command.
You closely miss the adder.
The adder is heavily wounded.
The adder barely misses you.
You barely miss the adder.
The adder is heavily wounded.
The gnoll shaman calls upon its god to speed up the gnoll.
The gnoll seems to speed up.
The gnoll hits you but does no damage.
You barely miss the adder.
The adder is heavily wounded.
The gnoll closely misses you. The adder bites you but does no damage.
You closely miss the adder.
The adder is heavily wounded.
The gnoll completely misses you.
The gnoll shaman hits you but does no damage.
The gnoll hits you with a +0 whip. The adder bites you.
You puncture the adder!
You kill the adder!
Trog accepts your kill.
Your Dodging skill increases to level 4!
You are no longer berserk.
You are exhausted.
You feel yourself slow down. The gnoll hits you with a +0 halberd!
The gnoll shaman hits you but does no damage.
The gnoll hits you with a +0 whip.
You see here an adder corpse.
You are too injured to fight recklessly!
The gnoll hits you with a +0 halberd.
The gnoll hits you but does no damage. x2
The gnoll hits you with a +0 halberd!
* * * LOW HITPOINT WARNING * * *
Found 16 stones.
The gnoll hits you with a +0 halberd!
* * * LOW HITPOINT WARNING * * *
The gnoll hits you with a +0 halberd.
* * * LOW HITPOINT WARNING * * *
The gnoll shaman hits you with a +0 whip!
You die...

......# .#)...# .....#
#..#..# .....##########
...#..#####?............
#.........#.............
.#........#)............
..........#.............
..........#..))g........
.†##......#..=†g@.......
###########....g........
..#.....................
..#........#######......
..'........# ......
..#........# (.....
..#........# .....
..#........# .....
..#........#


You could see a gnoll shaman and 2 gnolls.

Vanquished Creatures
  Edmund (D:5)
  A water moccasin (D:4)
  A phantom (D:4)
  A bullfrog (D:3)
  A bullfrog zombie (D:5)
  A centaur skeleton (D:5)
  4 iguanas
  An adder (D:5)
  3 gnolls (D:5)
  An ufetubus (D:3)
  2 worms
  4 dart slugs
  4 orcs
  2 endoplasms
  5 giant cockroaches
  7 goblins
  11 hobgoblins
  4 jackals
  7 kobolds (D:2)
  5 quokkas
  7 ball pythons
  5 bats
  5 frilled lizards
  9 rats
92 creatures vanquished.

Notes
Turn   | Place    | Note
-------+----------+-------------------------------------------
     0 | D:1      | cbfl8 the Merfolk Berserker began the quest for the Orb.
     0 | D:1      | Reached XP level 1. HP: 18/18 MP: 1/1
   169 | D:1      | Reached XP level 2. HP: 24/24 MP: 2/2
   302 | D:1      | Found a faded altar of an unknown god.
   486 | D:1      | Reached skill level 5 in Polearms
   747 | D:2      | Reached XP level 3. HP: 19/30 MP: 3/3
   753 | D:2      | Reached skill level 1 in Evocations
  1085 | D:2      | Reached ** piety under Trog
  1429 | D:2      | Identified the +2 whip of Ulymp {antimagic, rF+}
  1590 | D:2      | Reached XP level 4. HP: 35/37 MP: 4/4
  2086 | D:3      | Found a shimmering blue altar of Sif Muna.
  2139 | D:3      | Noticed a bullfrog
  2156 | D:3      | Killed a bullfrog
  2157 | D:3      | Reached skill level 6 in Polearms
  2157 | D:3      | Reached XP level 5. HP: 15/42 MP: 5/5
  3008 | D:3      | Found the +9 sword of Zonguldrok {reap}
  3526 | D:4      | Reached XP level 6. HP: 41/48 MP: 6/6
  3608 | D:4      | Noticed a water moccasin
  3615 | D:4      | Killed a water moccasin
  3616 | D:4      | Reached skill level 7 in Polearms
  3741 | D:4      | Found a white marble altar of Elyvilon.
  4031 | D:4      | Reached *** piety under Trog
  4155 | D:5      | Entered Level 5 of the Dungeon
  4179 | D:5      | Reached XP level 7. HP: 39/54 MP: 7/7
  4246 | D:5      | Found Teixen's General Store.
  4290 | D:5      | Noticed Edmund
  4309 | D:5      | Killed Edmund
  4310 | D:5      | Reached skill level 8 in Polearms
  4351 | D:5      | Bought a scroll of identify for 24 gold pieces
  4411 | D:5      | Slain by a gnoll shaman

Illustrated notes

Levels and vault maps discovered:
D:1:      scummos_arrival_gate, layout_basic,
          dreamdust_ecumenical_altar_hidden_monk_grotto
D:2:      minmay_diamond_boxcup, layout_rooms, minmay_between
D:3:      layout_basic, mainiacjoe_overflow_tiny_flanked, minmay_quantized
D:4:      layout_basic, elyvilon_altar_1
D:5:      layout_gridville, nicolae_qazlal_eye_of_the_storm,
          nicolae_wu_jian_immortal_techniques, mainiacjoe_overflow_alcove_2,
          serial_shops, nicolae_shop_advertising_works
          [nicolae_subvault_shop_adworks], uniq_edmund, uniq_prince_ribbit1,
          uniq_pikel

Skill      XL: |  1  2  3  4  5  6  7 |
---------------+----------------------+-----
Polearms       | 5 6 7 8 |  8.1
Evocations     | 1 2 3 |  3.4
Dodging        | 3 4 |  4.1
Armour         | 2 |  2.9
Fighting       | 4 |  4.5
Stealth        | |  0.3

Action                   |  1- 3 |  4- 6 |  7- 9 || total
-------------------------+-------+-------+-------++-------
Melee: Spear             |   157 |   188 |    53 ||   398
       Punch             |       |     2 |       ||     2
Invok: Berserk           |       |     2 |     2 ||     4
  Use: Scroll            |     2 |     1 |     1 ||     4
Armor: Scale mail        |    51 |    12 |       ||    63
       Chain mail        |       |    47 |    19 ||    66
Dodge: Dodged            |    57 |    57 |    15 ||   129
